 Dungeon Crawl Stone Soup version 0.31-a0-95-g6fa058ef04 (webtiles) character file.

Game seed: 4149060832360990110

113 Edyrem the Chopper (level 4, 0/41 HPs)
             Began as a Hill Orc Monk on May 25, 2023.
             Slain by a gnoll
             ... wielding a +0 spear
              (5 damage)
             ... on level 3 of the Dungeon.
             The game lasted 00:03:19 (1806 turns).

Edyrem the Chopper (Hill Orc Monk)                  Turns: 1806, Time: 00:03:19

Health: 0/41       AC:  8    Str: 15    XL:     4   Next: 96%
Magic:  4/4        EV: 11    Int: 10    God:
Gold:   159        SH:  0    Dex: 13    Spells: 3/3 levels left

rFire   + . .        b - +2 long sword (heavy)
rCold   . . .        d - orb {light}
rNeg    . . .        f - +1 ring mail {rF+}
rPois   .            e - +0 helmet
rElec   .            (no cloak)
rCorr   .            (no gloves)
SInv    .            g - +0 pair of boots
Will    .....        (no amulet)
Stlth   +            (no ring)
HPRegen 0.26/turn    (no ring)
MPRegen 0.09/turn

%: no passive effects
@: glowing
A: no striking features
a: no special abilities


You were on level 3 of the Dungeon.
You visited 1 branch of the dungeon, and saw 3 of its levels.

You collected 159 gold pieces.

Inventory:

Hand Weapons
 a - a +0 hand axe
 b - a +2 heavy long sword (weapon)
 l - a +4 sling
Armour
 d - an orb of light (worn)
 e - a +0 helmet (worn)
 f - a +1 ring mail of fire resistance (worn)
 g - a +0 pair of boots (worn)
Scrolls
 i - a scroll of vulnerability {unknown}
 k - 5 scrolls of identify {unknown}
 n - a scroll of teleportation {unknown}
 o - a scroll of fog {unknown}
Potions
 c - a potion of ambrosia
 h - a potion of cancellation {unknown}
 j - a potion of curing {unknown}
 m - a potion of heal wounds {unknown}
 p - a potion of might {unknown}


   Skills:
 + Level 4.5 Fighting
 + Level 5.0 Axes
 + Level 2.1 Armour
 - Level 3.0 Dodging


You had 3 spell levels left.
You didn't know any spells.
Your spell library was empty.

Dungeon Overview and Level Annotations

Branches:
Dungeon (3/15)

Altars:

Shops:
D:1 !


Message History

You barely miss the orc. The orc hits you but does no damage. x2
The gnoll hits you from afar with a +0 spear.
The orc hits you but does no damage. The orc hits you with a +0 club.
The gnoll hits you but does no damage.
You hit the orc.
The orc is heavily wounded.
The orc hits you with a +0 dagger. The orc closely misses you.
The gnoll closely misses you. The gnoll barely misses you.
The orc closely misses you. x2
You barely miss the orc.
The orc is heavily wounded.
The orc hits you with a +0 dagger. The orc hits you but does no damage.
The gnoll hits you but does no damage. The orc hits you but does no damage.
The gnoll hits you from afar with a +0 spear.
The orc barely misses you.
You barely miss the orc.
The orc is heavily wounded.
The orc misses you. The orc barely misses you. The gnoll misses you.
The orc hits you but does no damage. The gnoll hits you but does no damage.
The orc hits you but does no damage.
You slash the orc!
You kill the orc!
The orc barely misses you.
The gnoll hits you from afar with a +0 spear!
* * * LOW HITPOINT WARNING * * *
The orc hits you but does no damage.
The gnoll hits you from afar with a +0 spear.
* * * LOW HITPOINT WARNING * * *
The orc hits you with a +0 dagger.
* * * LOW HITPOINT WARNING * * *
The gnoll closely misses you.
Items here: ))) ††.
You hit the gnoll.
The gnoll is moderately wounded.
The orc hits you with a +0 dagger.
* * * LOW HITPOINT WARNING * * *
The gnoll hits you with a +0 spear.
* * * LOW HITPOINT WARNING * * *
The orc barely misses you. The gnoll hits you with a +0 spear.
You die...

#### ...# #.## ####
...# #... .#.
...####..### ### ..
...........## .. #.
.........#..###. .#
.....#.....#.##g#.##.##
......#..#..#.##@o....#
.......#.......#.###..#
##.......#.#.#.#.#
##.....#........#
#.#..#..#....#.#
#...#....#...#... .
#..#......#..#####
..#.#..#.........
#.#..............


You could see a gnoll and an orc.

Vanquished Creatures
  Jessica (D:2)
  2 gnolls (D:3)
  2 adders
  A worm (D:2)
  2 dart slugs (D:1)
  An orc (D:3)
  2 endoplasms
  5 goblins
  2 hobgoblins (D:1)
  6 kobolds
  7 ball pythons
  3 bats
  7 frilled lizards
  5 rats
46 creatures vanquished.

Notes
Turn   | Place    | Note
-------+----------+-------------------------------------------
     0 | D:1      | Edyrem the Hill Orc Monk began the quest for the Orb.
     0 | D:1      | Reached XP level 1. HP: 19/19 MP: 1/1
   216 | D:1      | Reached XP level 2. HP: 27/27 MP: 2/2
   598 | D:1      | Found Baogg's Distillery.
   717 | D:1      | Reached skill level 1 in Armour
   734 | D:1      | Reached XP level 3. HP: 33/33 MP: 3/3
  1274 | D:2      | Found a faded altar of an unknown god.
  1350 | D:2      | Noticed Jessica
  1358 | D:2      | Killed Jessica
  1359 | D:2      | Reached XP level 4. HP: 37/40 MP: 4/4
  1797 | D:3      | Reached skill level 5 in Axes
  1806 | D:3      | Slain by a gnoll

Illustrated notes

Levels and vault maps discovered:
D:1:      eino_arrival_tree_alley, layout_loops_corners, serial_shops,
          nicolae_square_shop
D:2:      layout_basic, nicolae_ecumenical_snake_handling, uniq_jessica
D:3:      layout_loops_ring, lemuel_round_altar, hangedman_decor_opposing,
          minmay_pentangle

Skill      XL: |  1  2  3  4 |
---------------+-------------+-----
Armour         | 1 2 |  2.1
Fighting       | 4 |  4.5
Dodging        | 3 |  3.0
Axes           | 5 |  5.0

Action                     |  1- 3 |  4- 6 || total
---------------------------+-------+-------++-------
  Melee: Hand axe          |    59 |       ||    59
         Long sword        |    28 |    22 ||    50
 Armour: Robe              |     6 |       ||     6
         Ring mail         |    35 |    29 ||    64
  Dodge: Dodged            |    53 |    38 ||    91

Table legend: (Time is in decaauts)
 A = Elapsed time spent in this place.
 B = Non-inter-level travel time spent in this place.
 C = Inter-level travel time spent in this place.
 D = Time resting spent in this place.
 E = Time spent auto-exploring this place.
 F = Levels seen in this place.
 G = Mean time per level.
                   A        B        C        D        E       F      G
               +--------+--------+--------+--------+--------+-----+--------+
         Total |   1864 |   1827 |     37 |      0 |   1456 |   3 |  621.3 |
       Dungeon |   1864 |   1827 |     37 |      0 |   1456 |   3 |  621.3 |
               +--------+--------+--------+--------+--------+-----+--------+

Top non-repeatable levels by time:
     D:1: 968 daAuts
     D:2: 735 daAuts
     D:3: 160 daAuts
